 Dungeon Crawl Stone Soup version 0.28.0-45-g0d030f2227 (webtiles) character file.

Game seed: 17612539073927010748

123 seaoflcl the Magician (level 5, -2/35 HPs)
             Began as a Djinni Fire Elementalist on Apr 24, 2022.
             Slain by a goblin
             ... wielding a +0 dagger
             ... led by Robin
              (4 damage)
             ... on level 2 of the Dungeon.
             The game lasted 00:07:04 (4427 turns).

seaoflcl the Magician (Djinni Fire Elementalist)    Turns: 4427, Time: 00:07:05

Health: -2/35      AC:  4    Str:  7    XL:     5   Next: 28%
Gold:   142        EV: 13    Int: 17    God:
                   SH:  0    Dex: 15

rFire   + + .      SeeInvis .   (no weapon)
rCold   x . .      Faith    .   (no shield)
rNeg    . . .      Spirit   .   a - +0 robe
rPois   ∞          Reflect  .   (no helmet)
rElec   .          Harm     .   g - +0 cloak
rCorr   .          Rampage  .   i - +0 pair of gloves
Will    .....                   (boots unavailable)
Stlth   ++........              (no amulet)
HPRegen 0.11/turn               (no ring)
MPRegen 0.00/turn               (no ring)

@: flying
A: sickness immunity, fire resistance 2, cold vulnerability 1, float, innate
caster, HP casting, extra vitality 1
a: no special abilities


You were on level 2 of the Dungeon.
You visited 1 branch of the dungeon, and saw 2 of its levels.

You collected 142 gold pieces.

Inventory:

Armour
 a - a +0 robe (worn)
 g - a +0 cloak (worn)
 i - a +0 pair of gloves (worn)
Jewellery
 h - a ring of wizardry
Wands
 o - a wand of flame (9)
Scrolls
 b - a scroll of identify {unknown}
 d - a scroll of noise {unknown}
 e - a scroll of fog {unknown}
 k - a scroll of teleportation {unknown}
 l - a scroll of holy word {unknown}
 n - a scroll of silence {unknown}
Potions
 c - a potion of heal wounds {unknown}
 f - a potion of curing {unknown}
 j - 2 potions of mutation {unknown}
 m - a potion of magic {unknown}


   Skills:
 + Level 3.3 Dodging
 + Level 2.6 Stealth
 * Level 3.4 Spellcasting


You couldn't memorise any spells.
You knew the following spells:

 Your Spells              Type           Power      Damage    Failure   Level
a - Foxfire               Conj/Fire      56%        2x1d6     4%          1
b - Scorch                Fire           28%        2d6       6%          2
c - Conjure Flame         Conj/Fire      14%        6-21      12%         3
d - Inner Flame           Hex/Fire       14%        N/A       12%         3
e - Flame Wave            Conj/Fire      14%        2d6       36%         4
f - Beastly Appendage     Tmut           28%        N/A       4%          1
g - Searing Ray           Conj           28%        2d5       6%          2
Your spell library was empty.

Dungeon Overview and Level Annotations

Branches:
Dungeon (2/15)

Altars:

Annotations:
D:2 Robin


Innate Abilities, Weirdness & Mutations

You are immune to sickness and miasma.
You are immune to poison.
Your flesh is very heat resistant. (rF++)
You are vulnerable to cold. (rC-)
You float through the air rather than walking.
You learn spells naturally, not from books.
Your magical power is your life essence.
You have superior vitality. (+4 MHP)


Message History

The goblins go into a battle-frenzy!
A hobgoblin comes into view.
The goblin misses you.
Casting: Scorch (safe; 6% risk of failure)
Confirm with . or Enter, or press ? or * to list all spells.
Flames lash the hobgoblin.
The hobgoblin is burned terribly!
You kill the hobgoblin!
A goblin comes into view. It is wielding a +0 club.
The goblin hits you with a +0 dagger.
A goblin comes into view. It is wielding a +0 dagger.
Robin throws the goblin at you!
Casting: Scorch (safe; 6% risk of failure)
Confirm with . or Enter, or press ? or * to list all spells.
You don't know that spell.
The goblin hits you with a +0 dagger. The goblin completely misses you.
Robin says, "My army is invincible!"
Robin throws the goblin at you! Robin throws the goblin at you!
The goblin hits you with a +0 club.
* * * LOW HITPOINT WARNING * * *
The goblin hits you with a +0 club.
* * * LOW HITPOINT WARNING * * *
The goblin hits you with a +0 dagger.
* * * LOW HITPOINT WARNING * * *
The goblin no longer looks unusually strong.
The goblin no longer looks unusually strong.
The goblin no longer looks unusually strong.
The hobgoblin no longer looks unusually strong.
The goblin no longer looks unusually strong.
Robin roars a battlecry!
The goblins go into a battle-frenzy!
Unknown command.
Casting: Scorch (safe; 6% risk of failure)
Confirm with . or Enter, or press ? or * to list all spells.
Flames lash the goblin.
You kill the goblin!
* * * LOW HITPOINT WARNING * * *
The goblin hits you with a +0 dagger.
You die...

#...###...#.#...###.......###
#..#..#..#...#..#..#..#.....#
..#...###.....###...#.#.....#
.....#..#.....#..#....#.....#
....#...#.....#...#...#.....#
.......#.#..g#.#............#
......#...#g#...#......##...#
......................###...#
...†.........).g@...### #...#
..†....####.........# #####
.......# #.........# .......#
#.........# .......#
#.........# ########
###########


You could see 3 goblins.

Vanquished Creatures
  Natasha (thrice) (D:2)
  An adder (D:2)
  6 bats
  4 endoplasms
  8 goblins
  3 hobgoblins
  4 kobolds
  3 quokkas
  2 ball pythons (D:2)
  3 frilled lizards (D:1)
  4 rats
41 creatures vanquished.

Vanquished Creatures (others)
  21 foxfires (D:1)
  A fungus (D:1)
  3 toadstools (D:1)
25 creatures vanquished.

Grand Total: 66 creatures vanquished

Notes
Turn   | Place    | Note
-------+----------+-------------------------------------------
     0 | D:1      | seaoflcl the Djinni Fire Elementalist began the quest for
                  | the Orb.
     0 | D:1      | Reached XP level 1. HP: 15/15 MP: 0/0
   886 | D:1      | Reached XP level 2. HP: 6/21 MP: 0/0
  2668 | D:1      | Reached XP level 3. HP: 21/25 MP: 0/0
  2668 | D:1      | Learned a level 1 spell: Beastly Appendage
  2976 | D:2      | Found a faded altar of an unknown god.
  4056 | D:2      | Noticed Natasha
  4060 | D:2      | Killed Natasha
  4061 | D:2      | Reached XP level 4. HP: 24/31 MP: 0/0
  4183 | D:2      | Noticed Natasha
  4185 | D:2      | Killed Natasha
  4211 | D:2      | Noticed Natasha
  4217 | D:2      | Killed Natasha
  4218 | D:2      | Reached XP level 5. HP: 18/35 MP: 0/0
  4218 | D:2      | Learned a level 2 spell: Searing Ray
  4392 | D:2      | Noticed Robin
  4427 | D:2      | Slain by a goblin

Illustrated notes

Levels and vault maps discovered:
D:1:      tarquinn_simple_flora_water_d, layout_basic, hangedman_feature_mirror,
          minmay_gold_behind_fungi, minmay_misc_feat_five, due_unseen_surprise
D:2:      layout_basic, ebering_ecumenical_altar_abandoned,
          minmay_splitting_lines, uniq_natasha, uniq_robin

Skill      XL: |  1  2  3 |
---------------+----------+-----
Stealth        | 2 |  2.6
Spellcasting   | 3 |  3.4
Dodging        | 3 |  3.3

Action                   |  1- 3 |  4- 6 || total
-------------------------+-------+-------++-------
Melee: Unarmed           |    75 |     1 ||    76
 Cast: Foxfire           |    15 |       ||    15
       Scorch            |    27 |    17 ||    44
       Conjure Flame     |       |     1 ||     1
 Stab: Sleeping          |     1 |       ||     1
Armor: Robe              |    35 |     5 ||    40
Dodge: Dodged            |    99 |     6 ||   105
